 Dungeon Crawl Stone Soup version 0.23-a0-644-gb60d84b (webtiles) character file.

118 Borgoz the Sneak (level 5, -1/31 HPs)
             Began as a Kobold Assassin on Jan 2, 2019.
             Slain by a hungry ghost (4 damage)
             ... on level 3 of the Dungeon.
             The game lasted 00:04:21 (2223 turns).

Borgoz the Sneak (Kobold Assassin)                  Turns: 2223, Time: 00:04:23

Health: -1/31      AC:  5    Str:  9    XL:     5   Next: 23%
Magic:  5/5        EV: 15    Int: 12    God:
Gold:   61         SH:  0    Dex: 17    Spells: 4/4 levels left

rFire    . . .     SeeInvis .   a - +2 dagger
rCold    . . .     Gourm    .   (shield restricted)
rNeg     . . .     Faith    .   c - +0 robe
rPois    .         Spirit   .   (no helmet)
rElec    .         Reflect  .   d - +0 cloak
rCorr    .         Harm     .   (no gloves)
MR       .....                  (no boots)
Stlth    ++++......             (no amulet)
HPRegen  0.10/turn              k - ring of flight
MPRegen  0.09/turn              (no ring)

@: very slightly contaminated, invisible (expiring)
A: small, thin metallic scales 1, carnivore, mutation resistance 1, sense
surroundings 1
a: Evoke Flight


You were on level 3 of the Dungeon.
You were near starving.

You visited 1 branch of the dungeon, and saw 3 of its levels.

You collected 61 gold pieces.

Inventory:

Hand Weapons
 a - a +2 dagger (weapon)
 b - a +0 blowgun
Missiles
 e - 35 poisoned needles
 f - 2 curare-tipped needles
 t - 3 tomahawks (quivered)
 x - a throwing net
Armour
 c - a +0 robe (worn)
 d - a +0 cloak (worn)
Jewellery
 k - a ring of flight (left hand)
 v - a +4 ring of dexterity {unknown}
 w - a cursed ring of attention {unknown}
Scrolls
 l - a scroll of immolation {unknown}
 m - a scroll of enchant weapon {unknown}
 n - a scroll of fog {unknown}
 o - 3 scrolls of identify {unknown}
 p - 2 scrolls of remove curse {unknown}
 r - 3 scrolls of teleportation {unknown}
Potions
 h - a potion of flight {unknown}
 i - a potion of curing {unknown}
 q - a potion of lignification {unknown}
 u - 3 potions of invisibility
Comestibles
 g - a ration


   Skills:
 + Level 2.4 Fighting
 + Level 4.3 Short Blades
 + Level 2.4 Throwing
 + Level 2.5 Dodging
 + Level 6.8 Stealth


You had 4 spell levels left.
You didn't know any spells.
Your spell library was empty.

Dungeon Overview and Level Annotations

Branches:
Dungeon (3/15)

Altars:


Innate Abilities, Weirdness & Mutations

You are small and have problems with some larger weapons.
You are carnivorous and can eat meat at any time.
You are partially covered in thin metallic scales. (AC +2)
You are somewhat resistant to further mutation.
You passively map a small area around you.


Message History

The hungry ghost is severely damaged.
The hungry ghost hits you.
* * * LOW HITPOINT WARNING * * *
You are near starving!
The ball python hisses angrily.
You hit the hungry ghost.
The hungry ghost is almost destroyed.
You flicker for a moment.
The hungry ghost closely misses you.
You barely miss the hungry ghost.
The hungry ghost is almost destroyed.
You barely miss the hungry ghost.
The hungry ghost is almost destroyed.
The hungry ghost hits you.
* * * LOW HITPOINT WARNING * * *
You feel quite a bit more hungry.
You hit the hungry ghost.
The hungry ghost is almost destroyed.
The hungry ghost hits you.
You die...

, .... .# #.#
#.####### , , ... .#
#.# #.##### #..##.,
#.###.(...#
#....####.#....##.## #
#..............#<..#
#.#....##....######..#
#.............#......#
#.........###.#.####.#
#.$..S.....W@.#.# #†#
#........######.# #.#
#..>.....# #.####.#
#........# #......#
#........# ########
#........# ##########


You could see a hungry ghost and a ball python (wandering).

Vanquished Creatures
  4 gnolls (D:2)
  4 adders (D:2)
  2 leopard geckos
  An orc (D:2)
  3 bats (D:1)
  2 giant cockroaches
  2 goblins
  5 hobgoblins
  8 jackals
  A quokka (D:3)
  2 frilled lizards
  6 kobolds
  2 rats (D:2)
42 creatures vanquished.

Notes
Turn   | Place    | Note
-------+----------+-------------------------------------------
     0 | D:1      | Borgoz the Kobold Assassin began the quest for the Orb.
     0 | D:1      | Reached XP level 1. HP: 12/12 MP: 1/1
   220 | D:1      | Reached XP level 2. HP: 17/17 MP: 2/2
   554 | D:1      | Reached skill level 6 in Stealth
   578 | D:1      | Reached XP level 3. HP: 18/21 MP: 3/3
  1209 | D:2      | Found a faded altar of an unknown god.
  1356 | D:2      | Reached XP level 4. HP: 18/26 MP: 4/4
  1664 | D:2      | Reached XP level 5. HP: 31/31 MP: 5/5
  2165 | D:3      | Noticed a hungry ghost
  2202 | D:3      | Gained mutation: You passively map a small area around you.
                  | [potion of mutation]
  2202 | D:3      | Gained mutation: You are partially covered in thin metallic
                  | scales. (AC +2) [potion of mutation]
  2202 | D:3      | Gained mutation: You are somewhat resistant to further
                  | mutation. [potion of mutation]
  2204 | D:3      | Paralysed by fainting for 12 turns
  2223 | D:3      | Slain by a hungry ghost

Vault maps used:
D:1:      giann_bridges, minmay_misc_feat_diagonals
D:2:      chequers_ecumenical_altar_island, minmay_split_cup_small

Skill      XL: |  1  2  3  4 |
---------------+-------------+-----
Stealth        | 6 |  6.8
Short Blades   | 3 4 |  4.3
Dodging        | 2 |  2.5
Fighting       | |  2.4
Throwing       | |  2.4

Action                   |  1- 3 |  4- 6 || total
-------------------------+-------+-------++-------
Melee: Dagger            |    99 |    80 ||   179
 Fire: Blowgun           |     2 |     5 ||     7
  Use: Potion            |       |     2 ||     2
 Stab: Sleeping          |     8 |     5 ||    13
       Distracted        |       |     1 ||     1
  Eat: Chunk             |     8 |     4 ||    12
       Ration            |       |     1 ||     1
Armor: Robe              |    18 |    17 ||    35
Dodge: Dodged            |    77 |    47 ||   124

Table legend:
 A = Non-vault XP
 B = Vault XP
 C = Vault XP percentage of total XP
 D = Non-vault monster count
 E = Vault monster count
 F = Vault count percentage of total count
                 A         B        C        D         E       F
            +---------+---------+-------+---------+---------+-------
      Total |     151 |      18 |  10.7 |      39 |       3 |   7.1
            +---------+---------+-------+---------+---------+-------
        D:1 |      37 |       0 |   0.0 |      20 |       0 |   0.0
        D:2 |     110 |      18 |  14.1 |      17 |       3 |  15.0
        D:3 |       4 |       0 |   0.0 |       2 |       0 |   0.0
            +---------+---------+-------+---------+---------+-------
